 Dungeon Crawl Stone Soup version 0.14-a0-1876-g927fc3a (webtiles) character file.

185 Jenx the Ruinous (level 3, 0/19 HPs)
             Began as a Deep Elf Conjurer on Jan 14, 2014.
             Slain by an iguana (15 damage)
             ... on Level 3 of the Dungeon.
             The game lasted 00:04:38 (2338 turns).

Jenx the Ruinous (Deep Elf Conjurer)                Turns: 2338, Time: 00:04:38

HP   0/19        AC  2     Str  5      XL: 3   Next: 76%
MP   4/10        EV 13     Int 20      God:
Gold 127         SH  0     Dex 15      Spells:  2 memorised,  4 levels left

rFire  . . .     SeeInvis .     b - +0 blowgun
rCold  . . .     Clarity  .     a - +0 elf robe
rNeg   . . .     Conserve .     (no shield)
rPois  .         rCorr    .     (no helmet)
rElec  .         rRot     .     (no cloak)
SustAb . .       Spirit   .     (no gloves)
rMut   .         Warding  .     (no boots)
Saprov . . .     Stasis   .     (no amulet)
MR     .....                    (no ring)
                                (no ring)

@: very slightly contaminated, not resistant to hostile enchantments, fairly
stealthy
A: no striking features
a: no special abilities


You were on level 3 of the Dungeon.
You were not hungry.

You visited 1 branch of the dungeon, and saw 3 of its levels.

You collected 127 gold pieces.

Inventory:

Hand weapons
 b - a +0 blowgun (weapon)
Missiles
 k - 10 darts
 n - a poisoned needle (quivered)
Armour
 a - a +0 elven robe (worn)
Comestibles
 l - a rotting chunk of giant newt flesh
 p - 2 bread rations
Scrolls
 g - a scroll of recharging {unknown}
 h - 2 scrolls of curse jewellery {unknown}
 i - a scroll of enchant armour {unknown}
 j - a scroll of remove curse {unknown}
 o - a scroll of identify
Jewellery
 d - an uncursed amulet of warding
 e - a +4 ring of strength {unknown}
Potions
 f - 3 potions of curing
 m - a potion of heal wounds {unknown}
Books
 c - a book of Conjurations

   Spells                             Type                      Level
   *Magic Dart                        Conjuration                  1
   Searing Ray                        Conjuration                  2
   *Dazzling Spray                    Conjuration/Hexes            3
   Iskenderun's Mystic Blast          Conjuration                  4
   Iskenderun's Battlesphere          Conjuration/Charms           4
   Fulminant Prism                    Conjuration/Hexes            5


   Skills:
 - Level 2.4 Dodging
 - Level 2.4 Stealth
 - Level 3.0 Spellcasting
 * Level 6.0 Conjurations


You had 4 spell levels left.
You knew the following spells:

 Your Spells              Type           Power        Failure   Level  Hunger
a - Magic Dart            Conj           ####         1%          1    None
b - Dazzling Spray        Conj/Hex       ###.....     14%         3    ###....


Dungeon Overview and Level Annotations

Branches:
Dungeon (3/16)

Altars:

Annotations:
D:2 Sigmund


Message History

The spray of energy hits the iguana.
The iguana is moderately wounded.
The iguana is dazzled.
The iguana closely misses you.
There is an open door here.
Firing (i - inventory. (,) - cycle):
n - 3 poisoned needles (quivered)
Press: ? - help, Shift-Dir - straight line, f/p - iguana
Aim: an iguana (moderately wounded, blind, hasn't noticed you)
You shoot a poisoned needle. The poisoned needle hits the iguana.
The iguana is poisoned.
The iguana is moderately wounded.
The iguana bites you.
Firing (i - inventory. (,) - cycle):
n - 2 poisoned needles (quivered)
Press: ? - help, Shift-Dir - straight line, f/p - iguana
Aim: an iguana (moderately wounded, poisoned, blind)
You shoot a poisoned needle. The poisoned needle hits the iguana.
The iguana looks even sicker.
The iguana is moderately wounded.
The iguana is no longer blind.
The iguana bites you!
Ouch! That really hurt!
You die...

.#....... .......
....> ... #.# #.##
#..# ##+#####
###l##### #......#
###..@....# #......#
#.'.......# #......#
#.#.......+
###......###.#.......#
..'......'...#.<.....#
###......#####.......#
###'#### #.......#
#...# ######## #.###


You could see an iguana.

Vanquished Creatures
  3 adders (D:2)
  2 giant geckos
  2 oozes (D:2)
  7 bats
  2 goblins (D:1)
  5 hobgoblins
  2 quokkas
  2 giant newts
  2 kobolds
  5 rats
32 creatures vanquished.

Notes
Turn   | Place    | Note
--------------------------------------------------------------
     0 | D:1      | Jenx, the Deep Elf Conjurer, began the quest for the Orb.
     0 | D:1      | Reached XP level 1. HP: 10/10 MP: 5/5
   486 | D:1      | Reached XP level 2. HP: 15/15 MP: 3/8
   538 | D:1      | Reached skill level 5 in Conjurations
  1261 | D:2      | Reached XP level 3. HP: 19/19 MP: 7/10
  1266 | D:2      | Learned a level 3 spell: Dazzling Spray
  1404 | D:2      | Noticed Sigmund
  2128 | D:3      | Reached skill level 6 in Conjurations
  2338 | D:3      | Slain by an iguana

Action                   || total
-------------------------++-------
 Fire: Blowgun           ||     4
 Cast: Magic Dart        ||    65
       Dazzling Spray    ||     3
  Use: Scroll            ||     2
       Potion            ||     1
